[Event "CCT Chessable Masters Play-In 2025"]
[Site "Online"]
[Date "2025.02.17"]
[Round "3.7"]
[White "Gledura, Benjamin"]
[Black "Niemann, Hans Moke"]
[Result "1-0"]
[ECO "E29"]
[WhiteElo "2659"]
[BlackElo "2734"]
[PlyCount "63"]
[EventDate "2025.02.13"]
[EventType "swiss"]
[EventCountry "NET"]
[TimeControl "600"]
[WhiteClock "0:02:36"]
[BlackClock "0:00:32"]

1. d4 Nf6 2. c4 e6 3. Nc3 Bb4 4. e3 O-O 5. a3 Bxc3+ 6. bxc3 c5 7. Bd3 Nc6 8. Ne2 d6 9. e4 e5 10. d5 Ne7 11. f3 Ne8 12. g4 Ng6 13. Be3 Nh4 14. O-O g5 15. Ng3 Ng6 16. Qd2 h6 17. Kf2 Qf6 18. Nf5 Bxf5 19. gxf5 Nf4 20. h4 gxh4 21. Bxf4 exf4 22. Qxf4 Kh7 23. Rh1 Rh8 24. Qxh4 Qxh4+ 25. Rxh4 Nf6 26. f4 Rae8 27. Re1 Rhg8 28. Kf3 Kg7 29. e5 Nd7 30. f6+ Kf8 31. Bf5 Nxf6 32. Rxh6 1-0

[Event "CCT Chessable Masters Play-In 2025"]
[Site "Online"]
[Date "2025.02.17"]
[Round "3.8"]
[White "Lu, Shanglei"]
[Black "Vokhidov, Shamsiddin"]
[Result "1/2-1/2"]
[ECO "B47"]
[WhiteElo "2618"]
[BlackElo "2670"]
[PlyCount "117"]
[EventDate "2025.02.13"]
[EventType "swiss"]
[EventCountry "NET"]
[TimeControl "600"]
[WhiteClock "0:01:38"]
[BlackClock "0:01:43"]

1. e4 c5 2. Nf3 e6 3. d4 cxd4 4. Nxd4 Nc6 5. Nc3 Qc7 6. g3 a6 7. Bg2 Nf6 8. O-O Bc5 9. Nxc6 dxc6 10. Na4 Ba7 11. c4 Nd7 12. Qg4 O-O 13. Bf4 Ne5 14. Qe2 b5 15. Nc3 Bb7 16. cxb5 axb5 17. Rac1 Qb8 18. Rfd1 b4 19. Na4 Bxf2+ 20. Qxf2 Rxa4 21. b3 Ra5 22. Rc5 Rxc5 23. Qxc5 f6 24. Bh3 Bc8 25. Kh1 h6 26. Qe7 Qb6 27. Rf1 Qd4 28. Bxe6+ Bxe6 29. Qxe6+ Nf7 30. Qxc6 Kh7 31. Qc4 Qb6 32. Kg2 Qb7 33. Qd5 Qa7 34. Rf2 Re8 35. Rc2 Ne5 36. h4 Qb6 37. h5 Qa7 38. Qc5 Qb7 39. Re2 Nd3 40. Qf5+ Kh8 41. Re3 Nxf4+ 42. gxf4 Qc6 43. Kf3 Qc1 44. Rd3 Qf1+ 45. Ke3 Qe1+ 46. Kf3 Qh1+ 47. Ke3 Qg1+ 48. Kf3 Qb1 49. Rd7 Rc8 50. Kg4 Qg1+ 51. Kh4 Qh2+ 52. Kg4 Qe2+ 53. Kh4 Qe1+ 54. Kg4 Qg1+ 55. Kh4 Qf2+ 56. Kg4 Qg2+ 57. Kh4 Qf2+ 58. Kg4 Qg2+ 59. Kh4 1/2-1/2

[Event "CCT Chessable Masters Play-In 2025"]
[Site "Online"]
[Date "2025.02.17"]
[Round "3.9"]
[White "Chigaev, Maksim"]
[Black "Bok, Benjamin"]
[Result "1-0"]
[ECO "C45"]
[WhiteElo "2632"]
[BlackElo "2583"]
[PlyCount "57"]
[EventDate "2025.02.13"]
[EventType "swiss"]
[EventCountry "NET"]
[TimeControl "600"]
[WhiteClock "0:02:46"]
[BlackClock "0:00:06"]

1. e4 e5 2. Nf3 Nc6 3. d4 exd4 4. Nxd4 Nf6 5. Nxc6 bxc6 6. Qe2 a5 7. e5 Nd5 8. c4 Bb4+ 9. Bd2 Nf4 10. Qe4 Ne6 11. Nc3 Bb7 12. O-O-O a4 13. a3 Be7 14. h4 Qb8 15. Be3 Ba6 16. f4 Qb3 17. Qc2 Bxc4 18. Bxc4 Qxc4 19. f5 Nc5 20. Bxc5 Bxc5 21. Rhe1 Qxh4 22. Ne4 Bb6 23. Kb1 O-O 24. Qc4 Qe7 25. Nf6+ gxf6 26. Qg4+ Kh8 27. Rh1 Be3 28. Qh3 h6 29. Qxe3 1-0

[Event "CCT Chessable Masters Play-In 2025"]
[Site "Online"]
[Date "2025.02.17"]
[Round "3.10"]
[White "Mamedov, Rauf"]
[Black "Sindarov, Javokhir"]
[Result "1/2-1/2"]
[ECO "B40"]
[WhiteElo "2656"]
[BlackElo "2700"]
[PlyCount "92"]
[EventDate "2025.02.13"]
[EventType "swiss"]
[EventCountry "NET"]
[TimeControl "600"]
[WhiteClock "0:00:52"]
[BlackClock "0:02:23"]

1. e4 c5 2. Nf3 e6 3. c3 d5 4. e5 d4 5. d3 Nc6 6. g3 Qc7 7. Qe2 dxc3 8. Nxc3 Nge7 9. Bg2 Nf5 10. O-O Be7 11. Nb5 Qb6 12. d4 Nfxd4 13. Nfxd4 Nxd4 14. Nxd4 cxd4 15. Qg4 g6 16. Bh6 Bd7 17. Rac1 Bc6 18. Rfd1 Rd8 19. Rc4 Bxg2 20. Kxg2 d3 21. Qe4 d2 22. Rc2 Qb4 23. Qe2 g5 24. a3 Qa5 25. Rcxd2 Rxd2 26. Rxd2 Rg8 27. Qd3 Qd5+ 28. Qxd5 exd5 29. f4 Kd7 30. Bxg5 Bxg5 31. Rxd5+ Ke6 32. Rd6+ Ke7 33. fxg5 Rxg5 34. Rd5 Ke6 35. Rd6+ Ke7 36. Rd5 Ke6 37. Rb5 b6 38. Kf3 h5 39. a4 Rxe5 40. Rxe5+ Kxe5 41. g4 hxg4+ 42. Kxg4 Ke4 43. Kg3 Ke3 44. Kg4 Ke4 45. Kg3 Ke3 46. Kg4 Ke4 1/2-1/2

[Event "CCT Chessable Masters Play-In 2025"]
[Site "Online"]
[Date "2025.02.17"]
[Round "3.11"]
[White "Deac, Bogdan-Daniel"]
[Black "Muradli, Mahammad"]
[Result "1/2-1/2"]
[ECO "D41"]
[WhiteElo "2692"]
[BlackElo "2588"]
[PlyCount "112"]
[EventDate "2025.02.13"]
[EventType "swiss"]
[EventCountry "NET"]
[TimeControl "600"]
[WhiteClock "0:00:04"]
[BlackClock "0:00:13"]

1. d4 Nf6 2. Nf3 d5 3. c4 e6 4. Nc3 c5 5. cxd5 Nxd5 6. g3 Nxc3 7. bxc3 cxd4 8. cxd4 Bb4+ 9. Bd2 Bxd2+ 10. Qxd2 b6 11. Bg2 Bb7 12. O-O O-O 13. Rfc1 Nd7 14. a4 Rb8 15. Qb4 Nf6 16. Ne5 Nd5 17. Qb3 a5 18. Nc6 Bxc6 19. Rxc6 Nb4 20. Rc4 Qd7 21. e3 Rfc8 22. Rac1 g6 23. h4 Rxc4 24. Rxc4 Rc8 25. Bf1 Rxc4 26. Bxc4 Qc6 27. Bb5 Qc2 28. Qxc2 Nxc2 29. Kf1 Kf8 30. Ke2 Ke7 31. Kd2 Nb4 32. e4 f6 33. Kc3 Kd6 34. f4 e5 35. dxe5+ fxe5 36. Bc4 Nc6 37. Bg8 h6 38. Bf7 Nd4 39. Kd3 b5 40. axb5 Nxb5 41. Bxg6 a4 42. Bf7 a3 43. Ba2 Nd4 44. Bc4 Ke7 45. Kc3 Kf6 46. fxe5+ Kxe5 47. g4 Nf3 48. g5 h5 49. g6 Kf6 50. Be2 Nxh4 51. Bxh5 a2 52. Kb2 Nxg6 53. Bxg6 Kxg6 54. Kxa2 Kf6 55. Kb3 Ke5 56. Kc3 Kxe4 1/2-1/2

[Event "CCT Chessable Masters Play-In 2025"]
[Site "Online"]
[Date "2025.02.17"]
[Round "3.12"]
[White "Sharapov, Evgeny"]
[Black "Sargsyan, Shant"]
[Result "0-1"]
[ECO "C49"]
[WhiteElo "2375"]
[BlackElo "2660"]
[PlyCount "96"]
[EventDate "2025.02.13"]
[EventType "swiss"]
[EventCountry "NET"]
[TimeControl "600"]
[WhiteClock "0:03:18"]
[BlackClock "0:04:34"]

1. e4 e5 2. Nf3 Nc6 3. Nc3 Nf6 4. Bb5 Bb4 5. O-O O-O 6. Re1 d6 7. h3 Ne7 8. d4 Ng6 9. a3 Bxc3 10. bxc3 h6 11. dxe5 dxe5 12. Qxd8 Rxd8 13. Bd3 Bd7 14. a4 a5 15. c4 Bc6 16. Bb2 Nd7 17. g3 f6 18. c3 Nc5 19. Bc2 Nf8 20. Re2 Nfe6 21. h4 b6 22. Nh2 Be8 23. f3 Nd3 24. Ba3 Ndc5 25. Bb2 Rd6 26. Nf1 Rad8 27. Bc1 g5 28. hxg5 Nxg5 29. f4 Bh5 30. Re3 Nge6 31. fxe5 fxe5 32. g4 Bxg4 33. Rg3 h5 34. Ne3 Nf4 35. Nxg4 Ne2+ 36. Kh2 Nxg3 37. Nh6+ Kg7 38. Kxg3 Rxh6 39. Bxh6+ Kxh6 40. Rf1 Rd2 41. Bb1 Nxa4 42. Rf6+ Kg7 43. Rf3 Nc5 44. Kh4 Kg6 45. Rg3+ Kh6 46. Rf3 Rh2+ 47. Kg3 Rb2 48. Bd3 a4 0-1

[Event "CCT Chessable Masters Play-In 2025"]
[Site "Online"]
[Date "2025.02.17"]
[Round "3.13"]
[White "Korobov, Anton"]
[Black "Aronian, Levon"]
[Result "1/2-1/2"]
[ECO "C01"]
[WhiteElo "2627"]
[BlackElo "2745"]
[PlyCount "91"]
[EventDate "2025.02.13"]
[EventType "swiss"]
[EventCountry "NET"]
[TimeControl "600"]
[WhiteClock "0:01:09"]
[BlackClock "0:00:56"]

1. e4 e6 2. d4 d5 3. exd5 exd5 4. Nf3 Bd6 5. Bd3 c6 6. O-O Ne7 7. h3 O-O 8. Re1 Ng6 9. c4 dxc4 10. Bxc4 Nd7 11. Nc3 Nb6 12. Bb3 Bf5 13. Ng5 h6 14. Nge4 Bf4 15. Qh5 Bxe4 16. Nxe4 Nd5 17. Bxd5 Qxd5 18. Qxd5 cxd5 19. Nc3 Rfd8 20. Bxf4 Nxf4 21. Re7 Rab8 22. Re5 Rbc8 23. Rd1 Kf8 24. h4 Ng6 25. Rh5 Rc6 26. g3 Rcd6 27. Rf5 Ne7 28. Rf3 Nc6 29. h5 Ne7 30. Kg2 Ng8 31. Re3 Nf6 32. Re5 Rb6 33. Rd2 Rc6 34. f3 a6 35. a4 Rc4 36. g4 Rb4 37. Kg3 b5 38. axb5 axb5 39. Ne2 Rc4 40. Nf4 b4 41. Rd3 Rd6 42. Kh4 Rc2 43. Rb3 Rc4 44. Rd3 Rc2 45. Rb3 Rc4 46. Rd3 1/2-1/2

[Event "CCT Chessable Masters Play-In 2025"]
[Site "Online"]
[Date "2025.02.17"]
[Round "3.14"]
[White "Le, Quang Liem"]
[Black "Aravindh, Chithambaram VR."]
[Result "0-1"]
[ECO "E18"]
[WhiteElo "2739"]
[BlackElo "2729"]
[PlyCount "114"]
[EventDate "2025.02.13"]
[EventType "swiss"]
[EventCountry "NET"]
[TimeControl "600"]
[WhiteClock "0:00:07"]
[BlackClock "0:00:43"]

1. Nf3 Nf6 2. c4 b6 3. g3 Bb7 4. Bg2 e6 5. O-O Be7 6. d4 O-O 7. Nc3 Ne4 8. Bd2 Nxd2 9. Qxd2 d6 10. Rad1 Nd7 11. e4 a6 12. Rfe1 b5 13. Qe2 b4 14. Nb1 c5 15. d5 e5 16. Bh3 g6 17. Nbd2 Bc8 18. Nf1 a5 19. Ne3 a4 20. Rf1 Ra7 21. Nd2 Bf6 22. Kh1 Bg7 23. b3 Nb6 24. Bxc8 Qxc8 25. f4 axb3 26. axb3 exf4 27. gxf4 Ra2 28. Qd3 Nd7 29. Rf2 Re8 30. Rdf1 Bd4 31. Nf3 Rxf2 32. Rxf2 Bxe3 33. Qxe3 Nf6 34. e5 Ng4 35. Qd2 Nxf2+ 36. Qxf2 Qf5 37. Qe3 Qc2 38. Kg1 Qc3 39. Kf2 Qxe3+ 40. Kxe3 f6 41. Kd3 Kf7 42. exd6 Rd8 43. Ke4 Rxd6 44. Ne1 Rd8 45. Nd3 Re8+ 46. Kf3 Rc8 47. f5 Ke7 48. Nf2 Kd6 49. Ng4 Rf8 50. Kf4 g5+ 51. Kf3 h5 52. Nf2 Ke5 53. Ne4 Rc8 54. h3 g4+ 55. hxg4 hxg4+ 56. Ke3 Rg8 57. Ng3 Rh8 0-1

[Event "CCT Chessable Masters Play-In 2025"]
[Site "Online"]
[Date "2025.02.17"]
[Round "3.15"]
[White "Alekseev, Evgeny"]
[Black "Lazavik, Denis"]
[Result "0-1"]
[ECO "B30"]
[WhiteElo "2505"]
[BlackElo "2572"]
[PlyCount "164"]
[EventDate "2025.02.13"]
[EventType "swiss"]
[EventCountry "NET"]
[TimeControl "600"]
[BlackClock "0:00:09"]

1. e4 c5 2. Nf3 Nc6 3. Bb5 e6 4. Bxc6 bxc6 5. d3 Qc7 6. O-O Ne7 7. c3 e5 8. d4 d6 9. dxe5 dxe5 10. Be3 Ng6 11. Nbd2 Be7 12. Qa4 O-O 13. Nc4 Be6 14. Qa5 Qxa5 15. Nxa5 Rfc8 16. b3 f6 17. Nb7 c4 18. b4 Rc7 19. Na5 Rb8 20. a4 a6 21. Rfb1 Bd7 22. Nxc4 c5 23. bxc5 Rxb1+ 24. Rxb1 Bxa4 25. Nd6 Bxd6 26. cxd6 Rxc3 27. h4 Nf8 28. Rb8 Kf7 29. h5 Bd7 30. Nh4 Rc6 31. Nf5 Bxf5 32. exf5 Rxd6 33. h6 gxh6 34. Bxh6 Nd7 35. Ra8 e4 36. Ra7 Ke7 37. Bf4 Rd5 38. g4 h5 39. gxh5 Rxf5 40. Be3 Rxh5 41. Rxa6 Ne5 42. Kg2 Rh4 43. Kg3 Rg4+ 44. Kh3 Rg6 45. Ra4 f5 46. Ra5 Ke6 47. Ra6+ Kd5 48. Ra5+ Ke6 49. Ra6+ Kf7 50. Ra5 Re6 51. Bf4 Nd3 52. Rxf5+ Kg6 53. Rg5+ Kf6 54. Be3 Nxf2+ 55. Kh4 Nd3 56. Kg4 Re8 57. Rf5+ Ke6 58. Rg5 Rf8 59. Rg6+ Kd5 60. Rg5+ Ne5+ 61. Kh4 Ke6 62. Rg7 Rf3 63. Bg5 Rf1 64. Kg3 Nf3 65. Be3 Ne5 66. Kg2 Rf3 67. Bf2 Nd3 68. Bg3 Kd5 69. Rd7+ Kc4 70. Re7 Kd4 71. Rd7+ Ke3 72. Ra7 Rf5 73. Ra1 Rg5 74. Kh3 Rg6 75. Kh2 Kf3 76. Rf1+ Ke2 77. Rf7 e3 78. Kg2 Ne1+ 79. Kh3 Nf3 80. Ra7 Ng5+ 81. Kh2 Ne4 82. Bh4 Kf3 0-1

[Event "CCT Chessable Masters Play-In 2025"]
[Site "Online"]
[Date "2025.02.17"]
[Round "3.16"]
[White "Antipov, Mikhail Al."]
[Black "Artemiev, Vladislav"]
[Result "1/2-1/2"]
[ECO "C55"]
[WhiteElo "2571"]
[BlackElo "2691"]
[PlyCount "80"]
[EventDate "2025.02.13"]
[EventType "swiss"]
[EventCountry "NET"]
[TimeControl "600"]
[WhiteClock "0:03:47"]
[BlackClock "0:01:56"]

1. e4 e5 2. Nf3 Nc6 3. Bc4 Nf6 4. d3 Be7 5. Nc3 O-O 6. a4 d6 7. a5 Be6 8. a6 b6 9. Nd5 Bxd5 10. exd5 Nb4 11. c3 Nbxd5 12. Bb5 c5 13. O-O Rc8 14. Re1 Nd7 15. d4 exd4 16. cxd4 Nb8 17. dxc5 dxc5 18. Ne5 Nc7 19. Bd3 Bf6 20. Bf4 Ne6 21. Bg3 Bxe5 22. Rxe5 c4 23. Rd5 cxd3 24. Rxd8 Rfxd8 25. Bxb8 Rxb8 26. Rc1 Rbc8 27. Rxc8 Rxc8 28. Kf1 Rd8 29. Qd2 Nc5 30. Ke1 Nxa6 31. b4 Nc7 32. Qc3 Ne6 33. Qa3 d2+ 34. Kd1 a5 35. bxa5 bxa5 36. Qxa5 g6 37. f4 Rd4 38. f5 gxf5 39. Qxf5 Kg7 40. g3 h6 1/2-1/2

[Event "CCT Chessable Masters Play-In 2025"]
[Site "Online"]
[Date "2025.02.17"]
[Round "3.17"]
[White "Svane, Rasmus"]
[Black "Yu, Yangyi"]
[Result "1/2-1/2"]
[ECO "B07"]
[WhiteElo "2621"]
[BlackElo "2715"]
[PlyCount "92"]
[EventDate "2025.02.13"]
[EventType "swiss"]
[EventCountry "NET"]
[TimeControl "600"]
[WhiteClock "0:00:52"]
[BlackClock "0:01:01"]

1. Nf3 Nf6 2. g3 g6 3. Bg2 Bg7 4. O-O O-O 5. d4 d6 6. Re1 Nbd7 7. e4 e5 8. Nc3 c6 9. a4 a5 10. h3 Re8 11. Bg5 h6 12. Be3 exd4 13. Bxd4 Qc7 14. Nd2 b6 15. f4 Ba6 16. Qf3 Rad8 17. Rad1 b5 18. Bf1 Qb8 19. Nb3 bxa4 20. Nxa5 Bxf1 21. Rxf1 Qc7 22. Nc4 d5 23. exd5 cxd5 24. Ne5 Nxe5 25. fxe5 Ne4 26. Nxd5 Rxd5 27. Qxe4 Red8 28. c3 Qd7 29. e6 Qxe6 30. Qxe6 fxe6 31. Rde1 R8d6 32. Bxg7 Kxg7 33. Re4 Ra6 34. Rf2 Rd3 35. Kg2 a3 36. bxa3 Rxc3 37. a4 Ra3 38. Rc4 Ra7 39. Re2 Rb7 40. h4 Rbb3 41. Rg4 Rb6 42. Rge4 h5 43. R4e3 Rxa4 44. Rxe6 Rxe6 45. Rxe6 Ra2+ 46. Kf3 Ra3+ 1/2-1/2

[Event "CCT Chessable Masters Play-In 2025"]
[Site "Online"]
[Date "2025.02.17"]
[Round "3.18"]
[White "Wei, Yi"]
[Black "Ter-Sahakyan, Samvel"]
[Result "1-0"]
[ECO "B31"]
[WhiteElo "2755"]
[BlackElo "2611"]
[PlyCount "49"]
[EventDate "2025.02.13"]
[EventType "swiss"]
[EventCountry "NET"]
[TimeControl "600"]
[WhiteClock "0:05:09"]
[BlackClock "0:02:39"]

1. e4 c5 2. Be2 Nc6 3. d3 d5 4. exd5 Qxd5 5. Nc3 Qd7 6. Be3 e6 7. Nf3 Nf6 8. h3 Nd4 9. O-O Be7 10. a4 O-O 11. Qd2 Nxe2+ 12. Qxe2 b6 13. Ne5 Qb7 14. a5 Nd5 15. Bd2 Nb4 16. Be3 Nd5 17. f4 Nxe3 18. Qxe3 b5 19. a6 Qb6 20. Qe4 Bxa6 21. Nd7 Qd6 22. Nxf8 Rxf8 23. Ra2 Rc8 24. Rfa1 Rc6 25. Qe5 1-0

[Event "CCT Chessable Masters Play-In 2025"]
[Site "Online"]
[Date "2025.02.17"]
[Round "3.19"]
[White "Suyarov, Mukhammadzokhid"]
[Black "Vidit, Santosh Gujrathi"]
[Result "1/2-1/2"]
[ECO "C85"]
[WhiteElo "2465"]
[BlackElo "2721"]
[PlyCount "182"]
[EventDate "2025.02.13"]
[EventType "swiss"]
[EventCountry "NET"]
[TimeControl "600"]
[BlackClock "0:00:05"]

1. e4 e5 2. Nf3 Nc6 3. Bb5 a6 4. Ba4 Nf6 5. O-O Be7 6. Bxc6 dxc6 7. d3 Nd7 8. Be3 O-O 9. Nbd2 Re8 10. a4 a5 11. Kh1 Bf8 12. h3 Nc5 13. Nc4 Qf6 14. Qd2 b6 15. Ncxe5 Bd6 16. Bd4 Ne6 17. Ng4 Qg6 18. Nh4 Qh5 19. Bxg7 Kxg7 20. Qc3+ Kf8 21. Nf5 Qg6 22. Qh8+ Qg8 23. Qxg8+ Kxg8 24. Nf6+ Kf8 25. Nxh7+ Kg8 26. Nf6+ Kf8 27. Nxe8 Kxe8 28. Nxd6+ cxd6 29. f4 Ke7 30. f5 Nd4 31. Rf2 c5 32. g4 Bd7 33. Kh2 Rg8 34. Kg3 Nc6 35. h4 f6 36. Rf4 Nd4 37. Rf2 Nc6 38. b3 Ne5 39. Rf4 Be8 40. Kh3 Rh8 41. Rg1 Nc6 42. Kg3 Rg8 43. Rg2 Ne5 44. Kf2 Nf7 45. Rf3 Rh8 46. Rh3 Ne5 47. h5 Nf7 48. Kg3 Ng5 49. Rh1 Bf7 50. Kf4 Kf8 51. h6 Kg8 52. d4 cxd4 53. Rd2 Kf8 54. Rxd4 Ke7 55. c4 Be8 56. Rd2 Rh7 57. Rhd1 Rxh6 58. Rxd6 Rh3 59. Rxf6 Kxf6 60. e5+ Ke7 61. f6+ Ke6 62. Rd6+ Kf7 63. Kxg5 Re3 64. Kf5 Re1 65. e6+ Rxe6 66. Rxe6 Bd7 67. g5 Bxe6+ 68. Ke5 Bg4 69. Kd6 Bd1 70. Kc6 Bxb3 71. Kxb6 Bxa4 72. Kxa5 Bc2 73. c5 Be4 74. Kb6 Ke6 75. c6 Kd6 76. c7 Kd7 77. f7 Ke7 78. f8=Q+ Kxf8 79. c8=Q+ Kg7 80. Qc5 Bg6 81. Qe5+ Kf7 82. Qf6+ Ke8 83. Qxg6+ Kd7 84. Qh7+ Ke6 85. g6 Kf5 86. g7+ Kf6 87. g8=Q Ke5 88. Qgg6 Kf4 89. Qhh5 Ke3 90. Qgg4 Kd3 91. Qhh3+ Kd2 1/2-1/2

[Event "CCT Chessable Masters Play-In 2025"]
[Site "Online"]
[Date "2025.02.17"]
[Round "3.20"]
[White "Nguyen, Ngoc Truong Son"]
[Black "Grischuk, Alexander"]
[Result "1/2-1/2"]
[ECO "A11"]
[WhiteElo "2632"]
[BlackElo "2687"]
[PlyCount "129"]
[EventDate "2025.02.13"]
[EventType "swiss"]
[EventCountry "NET"]
[TimeControl "600"]
[WhiteClock "0:00:42"]
[BlackClock "0:00:33"]

1. d4 d5 2. Nf3 Nf6 3. g3 Bg4 4. Bg2 e6 5. O-O Nbd7 6. c4 c6 7. cxd5 exd5 8. Nc3 Be7 9. Bf4 O-O 10. Qc2 Re8 11. Rad1 h6 12. Ne5 Be6 13. a3 Bf8 14. h3 Nb6 15. Kh2 a5 16. Bc1 g6 17. Na4 Bf5 18. Qb3 Nxa4 19. Qxa4 Nd7 20. Qb3 Qb6 21. Qxb6 Nxb6 22. Rfe1 Bg7 23. f4 Bc2 24. Rd2 Bb3 25. e3 a4 26. Rf2 Nc4 27. Bf1 Re7 28. Bxc4 Bxc4 29. Bd2 Rae8 30. g4 Bb5 31. Bb4 Re6 32. Bd2 g5 33. Kg3 f6 34. Nf3 Bf8 35. h4 Bd6 36. hxg5 hxg5 37. Kg2 Re4 38. Kg3 Kg7 39. Rh2 gxf4+ 40. exf4 Bxf4+ 41. Bxf4 Rxe1 42. Nxe1 Rxe1 43. g5 Rg1+ 44. Kf2 Rf1+ 45. Ke3 fxg5 46. Bxg5 Rd1 47. Rd2 Re1+ 48. Kf2 Rf1+ 49. Kg2 Kg6 50. Be7 Re1 51. Bd6 Kf5 52. Kf3 Rh1 53. Rh2 Rf1+ 54. Ke3 Re1+ 55. Kd2 Rb1 56. Ke3 Rd1 57. Rf2+ Ke6 58. Bc5 Rd3+ 59. Kf4 Rh3 60. Rg2 Rh4+ 61. Ke3 Kf5 62. Rf2+ Ke6 63. Rg2 Kf5 64. Rf2+ Ke6 65. Rg2 1/2-1/2

[Event "CCT Chessable Masters Play-In 2025"]
[Site "Online"]
[Date "2025.02.17"]
[Round "3.21"]
[White "Rakhmanov, Aleksandr"]
[Black "Sevian, Samuel"]
[Result "1-0"]
[ECO "A20"]
[WhiteElo "2585"]
[BlackElo "2692"]
[PlyCount "97"]
[EventDate "2025.02.13"]
[EventType "swiss"]
[EventCountry "NET"]
[TimeControl "600"]
[WhiteClock "0:01:13"]
[BlackClock "0:00:48"]

1. c4 e5 2. Nf3 e4 3. Nd4 Nc6 4. e3 Nf6 5. Nc3 Bb4 6. Qb3 a5 7. a3 Bc5 8. Nde2 O-O 9. Ng3 Re8 10. Qc2 Qe7 11. Nd5 Qe5 12. Nxf6+ Qxf6 13. Nxe4 Qg6 14. d3 d6 15. Bd2 Bf5 16. f3 Bb6 17. O-O-O a4 18. g4 Bxe4 19. dxe4 Ba5 20. h4 Qf6 21. Be2 Qe5 22. Kb1 Qc5 23. Bc1 Qe5 24. g5 Bb6 25. Bd3 Na5 26. Qxa4 Nc6 27. Qc2 Ra7 28. f4 Qe7 29. h5 Rea8 30. Qc3 Ba5 31. Qb3 Kh8 32. Bc2 Bb6 33. e5 dxe5 34. Qd3 e4 35. Qxe4 Qxe4 36. Bxe4 Re8 37. Bxc6 bxc6 38. Rd7 Kg8 39. Rhd1 Raa8 40. b4 c5 41. b5 Ra4 42. g6 hxg6 43. hxg6 Rf8 44. Re7 Rxc4 45. Bb2 Ra4 46. gxf7+ Kh7 47. Rg1 Raa8 48. Rxg7+ Kh6 49. Re6+ 1-0

[Event "CCT Chessable Masters Play-In 2025"]
[Site "Online"]
[Date "2025.02.17"]
[Round "3.22"]
[White "Sarana, Alexey"]
[Black "Lobanov, Sergei"]
[Result "0-1"]
[ECO "D35"]
[WhiteElo "2672"]
[BlackElo "2508"]
[PlyCount "84"]
[EventDate "2025.02.13"]
[EventType "swiss"]
[EventCountry "NET"]
[TimeControl "600"]
[WhiteClock "0:04:18"]
[BlackClock "0:03:44"]

1. d4 Nf6 2. c4 e6 3. Nc3 d5 4. cxd5 exd5 5. Bg5 Be7 6. e3 h6 7. Bh4 O-O 8. Bd3 c6 9. h3 a5 10. Bg3 Bd6 11. Bxd6 Qxd6 12. Nf3 Re8 13. Qc2 Be6 14. Ne5 Na6 15. a3 c5 16. O-O Nc7 17. a4 Na6 18. Nb5 Qb6 19. dxc5 Nxc5 20. Nf3 Rac8 21. Nfd4 Bd7 22. Bf5 Ne6 23. Qd1 Nxd4 24. Bxd7 Nxd7 25. Qxd4 Qxd4 26. Nxd4 Ne5 27. Rfd1 g6 28. Kf1 Kf8 29. Rac1 Ke7 30. Ke2 Red8 31. Nb5 Rxc1 32. Rxc1 Nc6 33. Kd3 f5 34. Rc5 Nb4+ 35. Kc3 Na6 36. Kd4 Nxc5 37. Kxc5 Rc8+ 38. Kb6 Rc2 39. b3 Rxf2 40. Kxb7 f4 41. exf4 Rxf4 42. Nc3 Kd6 0-1

[Event "CCT Chessable Masters Play-In 2025"]
[Site "Online"]
[Date "2025.02.17"]
[Round "3.23"]
[White "Naroditsky, Daniel"]
[Black "Yakubboev, Nodirbek"]
[Result "0-1"]
[ECO "C26"]
[WhiteElo "2619"]
[BlackElo "2659"]
[PlyCount "124"]
[EventDate "2025.02.13"]
[EventType "swiss"]
[EventCountry "NET"]
[TimeControl "600"]
[WhiteClock "0:00:48"]
[BlackClock "0:01:26"]

1. e4 e5 2. Nc3 Nf6 3. g3 Bc5 4. Bg2 d6 5. Nf3 Nc6 6. d3 a5 7. O-O h6 8. Be3 Bxe3 9. fxe3 Ne7 10. Nh4 Bg4 11. Qe1 Qd7 12. a4 c6 13. d4 Nh7 14. Qf2 O-O 15. Nf3 Ng6 16. Kh1 Rae8 17. Rad1 f5 18. d5 cxd5 19. Rxd5 Nf6 20. Rxa5 fxe4 21. Ng1 d5 22. Qd2 Ne7 23. Rb5 Be6 24. h3 Nh5 25. Rxf8+ Rxf8 26. Kh2 Nf6 27. Nge2 Nh7 28. Nxe4 dxe4 29. Qxd7 Bxd7 30. Rxb7 Nf6 31. Nc3 Nf5 32. Nxe4 Bxa4 33. Nxf6+ Rxf6 34. Bd5+ Kf8 35. Rb8+ Ke7 36. Rb7+ Kd6 37. e4 Bxc2 38. Rb6+ Kc5 39. Rb7 Ne3 40. Rc7+ Kd4 41. Ba8 Rf2+ 42. Kg1 Rf1+ 43. Kh2 Bxe4 44. Rd7+ Nd5 45. g4 g5 46. b4 Rf2+ 47. Kg1 Rb2 48. Rd6 Rxb4 49. Rxh6 Nf4 50. Rd6+ Ke3 51. Bxe4 Kxe4 52. h4 gxh4 53. g5 Kf3 54. g6 Kg3 55. Rd1 Nxg6 56. Kh1 Nf4 57. Rg1+ Kf3 58. Rf1+ Kg4 59. Rf2 e4 60. Kh2 e3 61. Kg1 exf2+ 62. Kf1 Rb1+ 0-1

[Event "CCT Chessable Masters Play-In 2025"]
[Site "Online"]
[Date "2025.02.17"]
[Round "3.24"]
[White "Theodorou, Nikolas"]
[Black "Narayanan S L"]
[Result "0-1"]
[ECO "A55"]
[WhiteElo "2611"]
[BlackElo "2622"]
[PlyCount "138"]
[EventDate "2025.02.13"]
[EventType "swiss"]
[EventCountry "NET"]
[TimeControl "600"]
[WhiteClock "0:00:19"]
[BlackClock "0:05:44"]

1. d4 Nf6 2. c4 d6 3. Nf3 Nbd7 4. Nc3 e5 5. e4 Be7 6. Be2 O-O 7. O-O Re8 8. Re1 Bf8 9. d5 Nc5 10. Qc2 a5 11. b3 c6 12. Be3 cxd5 13. cxd5 b6 14. Nd2 Ng4 15. Bxg4 Bxg4 16. a3 Bd7 17. b4 Na6 18. Qb2 b5 19. f3 g6 20. bxa5 Qxa5 21. Nb3 Qd8 22. Qe2 Rb8 23. Na2 Nc5 24. Rab1 Ra8 25. Nc3 Na4 26. Na2 Nb6 27. Bxb6 Qxb6+ 28. Qf2 Qxf2+ 29. Kxf2 Rxa3 30. Nb4 Rc8 31. Ke2 Bh6 32. Rb2 f5 33. Ra1 Rxa1 34. Nxa1 fxe4 35. fxe4 Rc4 36. Nc6 Rxe4+ 37. Kf1 Rc4 38. Nc2 Bxc6 39. dxc6 Rxc6 40. Ra2 Bd2 41. Ke2 Bc3 42. Ne3 h5 43. Nd5 Rc5 44. Nf6+ Kf7 45. Ne4 Rc6 46. Kd3 b4 47. Ra7+ Ke6 48. Ng5+ Kd5 49. Ne4 Bd4 50. Rb7 Rb6 51. Rc7 b3 52. Nd2 b2 53. Nb1 e4+ 54. Ke2 Rc6 55. Rxc6 Kxc6 56. Kd2 d5 57. h3 Kc5 58. Kc2 Kd6 59. Kd2 Ke5 60. Ke2 Kf4 61. Nd2 g5 62. Nb1 g4 63. hxg4 hxg4 64. Na3 Kg3 65. Kf1 e3 66. Nb1 Bc5 67. Nc3 d4 68. Nb1 d3 69. Nd2 e2+ 0-1

[Event "CCT Chessable Masters Play-In 2025"]
[Site "Online"]
[Date "2025.02.17"]
[Round "3.25"]
[White "Gokerkan, Cem Kaan"]
[Black "Santos Latasa, Jaime"]
[Result "0-1"]
[ECO "B22"]
[WhiteElo "2473"]
[BlackElo "2631"]
[PlyCount "82"]
[EventDate "2025.02.13"]
[EventType "swiss"]
[EventCountry "NET"]
[TimeControl "600"]
[WhiteClock "0:00:42"]
[BlackClock "0:03:49"]

1. e4 c5 2. c3 Nf6 3. e5 Nd5 4. d4 cxd4 5. Bc4 Nb6 6. Bb3 d5 7. cxd4 Nc6 8. Bc2 Nb4 9. Nc3 Bg4 10. Nge2 e6 11. Bb1 Be7 12. O-O Qd7 13. a3 Nc6 14. Qd3 Bf5 15. Qg3 Bg6 16. Rd1 O-O 17. Nf4 Bxb1 18. Rxb1 f6 19. Nh5 Rf7 20. Bh6 Bd8 21. exf6 Bxf6 22. Nb5 Kh8 23. Bf4 Be7 24. Nd6 Bxd6 25. Bxd6 Nc4 26. Bf4 Rf5 27. Qg4 Qf7 28. Bg5 h6 29. h4 hxg5 30. hxg5 Rxf2 31. Qh4 Kg8 32. Qxf2 Qxh5 33. Rf1 Nd6 34. Rbe1 Ne4 35. Qf4 Re8 36. Re3 Nxd4 37. Qe5 Ne2+ 38. Rxe2 Qxe2 39. Qc7 Qe3+ 40. Kh2 Nxg5 41. Qd7 Rf8 0-1

[Event "CCT Chessable Masters Play-In 2025"]
[Site "Online"]
[Date "2025.02.17"]
[Round "3.26"]
[White "Matinian, Nikita"]
[Black "Kuzubov, Yuriy"]
[Result "0-1"]
[ECO "C65"]
[WhiteElo "2415"]
[BlackElo "2597"]
[PlyCount "58"]
[EventDate "2025.02.13"]
[EventType "swiss"]
[EventCountry "NET"]
[TimeControl "600"]
[WhiteClock "0:00:09"]
[BlackClock "0:01:51"]

1. e4 e5 2. Nf3 Nc6 3. Bb5 Nf6 4. d3 Bc5 5. Bxc6 dxc6 6. Be3 Bd6 7. h3 h6 8. Nc3 c5 9. Qe2 Nd7 10. O-O Nf8 11. a4 g5 12. Nd2 h5 13. Nc4 Ng6 14. Nd5 Be6 15. b4 cxb4 16. d4 g4 17. f4 exf4 18. Nxd6+ Qxd6 19. Nxf4 Nxf4 20. Rxf4 gxh3 21. Qb5+ Bd7 22. Qxb7 Bc6 23. Qa6 Rg8 24. d5 Rxg2+ 25. Kh1 Bd7 26. Qb7 Rd8 27. Raf1 Qg6 28. Qxc7 Rh2+ 29. Kxh2 Qg2# 0-1